AoeStats
← Cavernabrole

Arabia

509070751Analyzed
1v1 RM · 6d ago on Sep 25, 2026· 50m 0s· 2 players
Game mode
Random Map
Map size
Tiny (2 player)
Population
200
Speed
Normal
Resources
Standard
Victory
Conquest
Starting age
Dark Age
Ending age
Imperial Age
RankedLock teamsTeams togetherTeam positionsShared explorationLock speedFull tech treeHidden civsTurbo modeCheats
Victory
Defeat
🇫🇷 Danes · France
1299
+16
🇻🇳 Saxons · Vietnam
1299
-16
Cavernabrole
6:59 Loom
8:59 Feudal Age
11:28 Double-Bit Axe
16:22 Castle Age
15:07 Scale Mail Armor
16:23 Forging
16:05 Horse Collar
17:18 Stone Mining
18:16 Squires
26:46 Bow Saw
27:13 Hamask
28:25 Devotion
28:32 Gambesons
28:34 Arson
30:27 Fletching
31:52 Gold Mining
35:20 Imperial Age
33:11 Fervor
33:54 Wheelbarrow
33:05 Town Watch
35:23 Chain Mail Armor
35:51 Iron Casting
36:22 Gold Shaft Mining
36:28 Conscription
36:31 Hand Cart
37:01 Plate Mail Armor
37:06 Block Printing
38:58 Blast Furnace
38:22 Bodkin Arrow
39:07 Hoardings
38:28 Onager
40:39 Stone Shaft Mining
40:52 Siege Engineers
41:19 Sanctity
41:36 Heavy Plow
42:53 Bracer
43:18 Northmen's Fury
43:55 Siege Onager
45:37 Siege Onager
46:33 Elite Jomsviking
49:23 Ballistics
Kaiser
8:26 Loom
10:14 Feudal Age
14:58 Castle Age
14:14 Double-Bit Axe
16:33 Forging
31:06 Bow Saw
30:39 Horse Collar
31:36 Wheelbarrow
31:42 Gold Mining
35:55 Imperial Age
33:37 Heavy Plow
33:36 Town Watch
34:05 Squires
34:18 Crossbowman
35:28 Fletching
35:45 Scale Mail Armor
36:10 Thumb Ring
36:03 Arbalester
37:12 Conscription
39:04 Bodkin Arrow
39:26 Chain Mail Armor
40:03 Iron Casting
40:26 Bracer
40:27 Padded Archer Armor
41:31 Chemistry
40:52 Ballistics
42:56 Plate Mail Armor
42:43 Leather Archer Armor
42:24 Shield Wall
43:08 Elite Hearth Troop
46:18 Ring Archer Armor
Connection lost

Rejoining the realm…

Still unreachable

The connection could not be restored.

Session expired

The server has moved on; the page needs a fresh start.